 Dungeon Crawl Stone Soup version 0.14.0-12-g87ee3b7 (webtiles) character file.

489 Kae the Basher (level 6, -12/51 HPs)
             Began as a Minotaur Fighter on Apr 16, 2014.
             Was an Initiate of Okawaru.
             Mangled by an ogre
             ... wielding a +0,+0 giant spiked club
              (17 damage)
             ... on Level 5 of the Dungeon.
             The game lasted 00:07:43 (2704 turns).

Kae the Basher (Minotaur Fighter)                   Turns: 2704, Time: 00:07:43

HP -12/51        AC  8     Str 21      XL: 6   Next: 38%
MP   3/3         EV  6     Int  7      God: Okawaru [......]
Gold 128         SH 18     Dex  9      Spells:  0 memorised,  5 levels left

rFire  . . .     SeeInvis .     a - +0 flail
rCold  . . .     Clarity  .     b - +0 scale mail
rNeg   . . .     Conserve .     c - +0 shield
rPois  .         rCorr    .     (helmet restricted)
rElec  .         rRot     .     (no cloak)
SustAb . .       Spirit   .     (no gloves)
rMut   .         Warding  .     i - +0 pair of boots
Saprov . . .     Stasis   .     j - amulet of rage
MR     .....                    (no ring)
                                (no ring)

@: not resistant to hostile enchantments, extremely unstealthy
A: retaliatory headbutt, horns 2
a: Renounce Religion, Evoke Berserk Rage


You were on level 5 of the Dungeon.
You worshipped Okawaru.
Okawaru was noncommittal.
You were not hungry.

You visited 2 branches of the dungeon, and saw 6 of its levels.

You collected 128 gold pieces.

Inventory:

Hand weapons
 a - a +0,+0 flail (weapon)
 v - a -2,-1 morningstar
Armour
 b - a +0 scale mail (worn)
 c - a +0 shield (worn)
 i - a +0 pair of boots (worn)
Magical devices
 e - a wand of magic darts (23)
Comestibles
 d - 3 bread rations
 h - a pear
 n - a beef jerky
 o - a sausage
 s - 3 chokos
 z - a meat ration
Scrolls
 g - a scroll of fog
 p - 5 scrolls of identify
 r - 3 scrolls of teleportation
Jewellery
 j - an amulet of rage (around neck)
 x - an uncursed ring of protection from magic {unknown}
 A - a +3 ring of protection {unknown}
 C - a +1 ring of protection {unknown}
Potions
 f - 8 potions of curing
 k - a potion of brilliance {unknown}
 l - 2 potions of agility {unknown}
 m - a potion of resistance {unknown}
 q - a potion of degeneration {unknown}
 t - 2 potions of flight {unknown}
 u - a potion of cure mutation {unknown}
 w - a potion of invisibility {unknown}


   Skills:
 - Level 3.6 Fighting
 + Level 8.3 Maces & Flails
 - Level 3.6 Armour
 - Level 3.6 Shields


You had 5 spell levels left.
You didn't know any spells.

Dungeon Overview and Level Annotations

Branches:
Dungeon (5/15)             Temple (1/1) D:5

Altars:
Ashenzari
Cheibriados
Fedhas
Okawaru
Sif Muna
Trog
Vehumet
Xom
Zin
The Shining One


Innate Abilities, Weirdness & Mutations

You reflexively headbutt those who attack you in melee.
You have a pair of horns on your head.


Message History

Evoke which item? (* to show all) (? for menu, Esc to quit)
Zapping:
e - a wand of magic darts {recharged}
Press: ? - help, Shift-Dir - straight line, f - ogre
Aim: an ogre, wielding a giant spiked club The magic dart hits the ogre.
The ogre is lightly wounded.
You hit the ogre. Your headbutt misses the ogre.
The ogre is moderately wounded.
The ogre hits you with a giant spiked club!
Your shield and scale mail prevent you from hitting the ogre.
You headbutt the ogre!
The ogre is severely wounded.
You hit the ogre but do no damage. Your headbutt misses the ogre.
The ogre is severely wounded.
The ogre hits you with a giant spiked club!
* * * LOW HITPOINT WARNING * * *
You hit the ogre.
The ogre is almost dead.
The ogre hits you with a giant spiked club!
You die...

..# #.. #..># #..# #...# #..#
#...# #..# # .####...#
#..#####.#
........###########........#####
#..).......^....................
#.....................####.....
#..........%..O@......# ....
#.....##########......# #.###+
#.....# #......# #.+ #.....#
#......# #.#
#.....##########......# #.#
#.....................# #.#####
#...########..........# #......
#...# #....####..# #......
##...# #....####..# #......


You could see an ogre.

Vanquished Creatures
  An ice beast (D:3)
  2 crimson imps (D:5)
  A worker ant (D:4)
  Terence (D:2)
  8 adders
  A worm (D:3)
  3 giant geckos
  An ooze (D:5)
  4 orcs (D:3)
  3 ball pythons
  3 giant cockroaches
  12 goblins
  12 hobgoblins
  8 jackals
  A quokka (D:4)
  6 bats
  A giant newt (D:4)
  5 kobolds
  4 rats
77 creatures vanquished.

Notes
Turn   | Place    | Note
--------------------------------------------------------------
     0 | D:1      | Kae, the Minotaur Fighter, began the quest for the Orb.
     0 | D:1      | Reached XP level 1. HP: 19/19 MP: 1/1
   145 | D:1      | Reached XP level 2. HP: 23/26 MP: 1/1
   290 | D:1      | Reached skill level 4 in Maces & Flails
   556 | D:2      | Reached XP level 3. HP: 31/31 MP: 2/2
   782 | D:2      | Reached skill level 5 in Maces & Flails
   821 | D:2      | Noticed Terence
   831 | D:2      | Reached XP level 4. HP: 17/39 MP: 2/2
   835 | D:2      | Killed Terence
  1144 | D:2      | Found a shimmering altar of Xom.
  1145 | D:2      | Found a radiant altar of Vehumet.
  1322 | D:3      | Noticed an ice beast
  1333 | D:3      | Killed an ice beast
  1333 | D:3      | Reached skill level 7 in Maces & Flails
  1333 | D:3      | Reached XP level 5. HP: 27/45 MP: 2/2
  1983 | D:4      | Reached XP level 6. HP: 47/51 MP: 3/3
  2341 | D:4      | Found a snail-covered altar of Cheibriados.
  2384 | D:5      | Entered Level 5 of the Dungeon
  2464 | D:5      | Reached skill level 8 in Maces & Flails
  2500 | D:5      | Found a staircase to the Ecumenical Temple.
  2583 | Temple   | Entered the Ecumenical Temple
  2628 | Temple   | Became a worshipper of Warmaster Okawaru
  2704 | D:5      | Mangled by an ogre

Action                   |  1- 3 |  4- 6 || total
-------------------------+-------+-------++-------
Melee: Flail             |    93 |     7 ||   100
       Morningstar       |       |   142 ||   142
Evoke: Wand              |       |     1 ||     1
  Use: Scroll            |       |     7 ||     7
       Potion            |       |     1 ||     1
